 Dungeon Crawl Stone Soup version 0.30.0-29-ga12c61a403 (webtiles) character file.

Game seed: 14269659435375746192

1260 Descartes the Shield-Bearer (level 8, -3/62 HPs)
             Began as a Formicid Fighter on June 14, 2023.
             Was an Initiate of Gozag.
             Slain by Prince Ribbit (12 damage)
             ... on level 5 of the Dungeon.
             The game lasted 00:09:41 (5039 turns).

Descartes the Shield-Bearer (Formicid Fighter)      Turns: 5039, Time: 00:09:42

Health: -3/62      AC: 11    Str: 23    XL:     8   Next: 81%
Magic:  13/13      EV: 14    Int:  8    God:    Gozag
Gold:   243        SH:  5    Dex: 13    Spells: 14/14 levels left

rFire   + . .        v - +3 war axe
rCold   . . .        c - +0 buckler
rNeg    . . .        w - +2 ring mail {rF+}
rPois   .            (helmet unavailable)
rElec   .            t - +1 cloak of Starlight {*Dazzle EV+4 Stlth--}
rCorr   .            (no gloves)
SInv    +            o - +0 pair of boots
Will    .....        (no amulet) Stlth
                     (no ring)
HPRegen 0.30/turn    (no ring)
MPRegen 0.13/turn

%: no passive effects
@: mighty
A: permanent stasis, dig shafts and tunnels, antennae 3, four strong arms
a: Dig, Shaft Self, Renounce Religion, Potion Petition, Call Merchant, Bribe
Branch


You were on level 5 of the Dungeon.
You worshipped Gozag.
Gozag was aware of your devotion.
You visited 2 branches of the dungeon, and saw 6 of its levels.

You collected 330 gold pieces.
You paid 87 gold pieces to Gozag.

Inventory:

Hand Weapons
 v - a +3 war axe (weapon)
 B - a +2 quarterstaff of chaos
Missiles
 a - 2 boomerangs
 s - 4 atropa-tipped darts
 u - 5 poisoned darts
Armour
 c - a +0 buckler (worn)
 o - a +0 pair of boots (worn)
 t - the +1 cloak of Starlight (worn) {*Dazzle EV+4 Stlth--}
   (You found it on level 3 of the Dungeon)

   *Dazzle:   It may blind those who miss an attack against the wearer in melee
   combat.
   EV:        It affects your evasion (+4).
   Stlth:     It makes you much less stealthy.
 w - a +2 ring mail of fire resistance (worn)
Wands
 y - a wand of mindburst (15)
Scrolls
 f - 2 scrolls of amnesia {unknown}
 h - 6 scrolls of silence {unknown}
 i - 4 scrolls of identify {unknown}
 j - 3 scrolls of blinking {unknown}
 l - 2 scrolls of enchant weapon {unknown}
 m - 2 scrolls of teleportation {unknown}
 n - 2 scrolls of noise {unknown}
 p - a scroll of magic mapping {unknown}
 r - a scroll of fear {unknown}
 x - a scroll of vulnerability {unknown}
 z - a scroll of poison {unknown}
Potions
 b - a potion of haste {unknown}
 d - 2 potions of might
 e - 2 potions of flight {unknown}
 g - a potion of resistance {unknown}
 k - 5 potions of curing {unknown}
 q - a potion of brilliance {unknown}
 A - a potion of mutation {unknown}


   Skills:
 - Level 5.0 Fighting
 + Level 4.2 Axes
 + Level 5.3 Armour
 + Level 6.3 Shields
 + Level 3.5 Spellcasting
 + Level 3.2 Translocations
 + Level 3.9 Evocations


You had 14 spell levels left.
You didn't know any spells.
Your spell library contained the following spells:

 Spells                   Type           Power      Damage    Failure   Level
 Apportation              Tloc           12%        N/A       14%         1
 Necrotise                Necr           4%         1d4       50%         1
 Summon Small Mammal      Summ           4%         N/A       50%         1
 Ensorcelled Hibernation  Hex/Ice        2%         N/A       63%         2
 Call Canine Familiar     Summ           1%         N/A       86%         3
 Ignite Poison            Fire/Tmut/Pois 1%         N/A       86%         3
 Spider Form              Tmut/Pois      1%         N/A       86%         3
 Summon Guardian Golem    Hex/Summ       1%         N/A       86%         3
 Anguish                  Hex/Necr       0%         N/A       99%         4
 Sticky Flame             Conj/Fire      1%         2d3       99%         4
 Summon Forest            Summ/Tloc      1%         N/A       100%        5
 Summon Mana Viper        Hex/Summ       1%         N/A       100%        5
 Summon Cactus Giant      Summ           0%         N/A       100%        6
 Ignition                 Fire           0%         3d3       100%        8


Dungeon Overview and Level Annotations

Branches:
Dungeon (5/15)             Temple (1/1) D:5

Altars:
Ashenzari
Cheibriados
Dithmenos
Elyvilon
Fedhas
Gozag
Makhleb
Nemelex Xobeh
Okawaru
Qazlal
Ru
Trog
Uskayaw
Vehumet
Xom
Yredelemnul
Zin
The Shining One

Annotations:
D:5 Prince Ribbit


Innate Abilities, Weirdness & Mutations

You cannot be hasted, slowed, berserked, paralysed or teleported.
You can dig through walls and to a lower floor.
You have a pair of large antennae on your head. (SInv)
Your four strong arms can wield two-handed weapons with a shield.


Message History

You slash Prince Ribbit!
Prince Ribbit is heavily wounded.
Prince Ribbit barely misses you. Prince Ribbit hits you!
You miss Prince Ribbit.
Prince Ribbit is heavily wounded.
Prince Ribbit hits you. Prince Ribbit hits you!
You barely miss Prince Ribbit.
Prince Ribbit is heavily wounded.
Prince Ribbit hits you. Prince Ribbit closely misses you.
You are too injured to fight recklessly!
You are too injured to fight recklessly!
You are too injured to fight recklessly!
You are too injured to fight recklessly!
You are too injured to fight recklessly!
You are too injured to fight recklessly!
You are too injured to fight recklessly!
You are too injured to fight recklessly!
You are too injured to fight recklessly!
You are too injured to fight recklessly!
You barely miss Prince Ribbit.
Prince Ribbit is heavily wounded.
Prince Ribbit lets out a mournful croak.
Prince Ribbit hits you but does no damage.
Prince Ribbit hits you!
* * * LOW HITPOINT WARNING * * *
You closely miss Prince Ribbit.
Prince Ribbit is heavily wounded.
Prince Ribbit hits you!
* * * LOW HITPOINT WARNING * * *
Unknown command.
You feel very mighty all of a sudden. Prince Ribbit closely misses you.
Prince Ribbit lets out a mournful croak.
Prince Ribbit closely misses you.
Prince Ribbit is blinded by the light from your cloak!
You barely miss Prince Ribbit.
Prince Ribbit is heavily wounded.
Prince Ribbit hits you!
You die...
Your body crumbles into a pile of gold.

###
##.......######..####
#.........####<..##
#+.........'...)...#
...........####...##
####.......## ##..# {
##.....## ##.#
....#...## #..#
###.##'## #.# #@# .#
#F# #.# ... .?. #....
##.#. ###.#


You could see Prince Ribbit (blind).

Vanquished Creatures
  An ice beast (D:5)
  A black bear (D:5)
  An ogre (D:5)
  A phantom (D:5)
  2 scorpions
  6 hounds
  2 jellies
  3 orc priests
  Crazy Yiuf (D:5)
  2 iguanas (D:5)
  3 orc wizards
  10 gnolls
  11 adders
  A white imp (D:5)
  An ufetubus (D:5)
  3 worms
  2 dart slugs (D:1)
  20 orcs
  2 bats (D:1)
  8 endoplasms
  3 giant cockroaches
  4 goblins
  8 hobgoblins
  3 jackals (D:4)
  4 kobolds
  2 quokkas
  8 ball pythons
  4 frilled lizards
  5 rats
122 creatures vanquished.

Notes
Turn   | Place    | Note
-------+----------+-------------------------------------------
     0 | D:1      | Descartes the Formicid Fighter began the quest for the Orb.
     0 | D:1      | Reached XP level 1. HP: 18/18 MP: 1/1
   109 | D:1      | Reached XP level 2. HP: 24/24 MP: 2/2
   299 | D:1      | Reached XP level 3. HP: 29/29 MP: 3/3
   736 | D:2      | Reached skill level 1 in Evocations
   848 | D:2      | Reached skill level 1 in Translocations
   848 | D:2      | Reached XP level 4. HP: 31/36 MP: 5/5
   930 | D:2      | Reached skill level 1 in Spellcasting
  1192 | D:2      | Reached XP level 5. HP: 38/42 MP: 6/6
  1398 | D:2      | Found a burning altar of Makhleb.
  2061 | D:3      | Found a broken altar of Ashenzari.
  2061 | D:3      | Found a bloodstained altar of Trog.
  2109 | D:3      | Found the +1 cloak of Starlight {*Dazzle EV+4 Stlth--}
  2246 | D:3      | Reached XP level 6. HP: 48/48 MP: 8/8
  2707 | D:4      | Reached skill level 5 in Shields
  2947 | D:4      | Reached XP level 7. HP: 48/55 MP: 10/10
  3272 | D:5      | Entered Level 5 of the Dungeon
  3608 | D:5      | Reached XP level 8. HP: 29/61 MP: 12/12
  4065 | D:5      | Reached skill level 5 in Fighting
  4181 | D:5      | Reached skill level 5 in Armour
  4184 | D:5      | Reached skill level 6 in Shields
  4332 | D:5      | Found a staircase to the Ecumenical Temple.
  4338 | Temple   | Entered the Ecumenical Temple
  4344 | Temple   | Became a worshipper of Gozag Ym Sagoz the Greedy
  4732 | D:5      | Found a runed translucent door.
  4733 | D:5      | Noticed Crazy Yiuf
  4740 | D:5      | Killed Crazy Yiuf
  4883 | D:5      | Noticed Prince Ribbit
  5039 | D:5      | Slain by Prince Ribbit

Illustrated notes

Levels and vault maps discovered:
D:1:      ncdulo_lavacross, layout_basic
D:2:      layout_loops_corners, basic_altar
D:3:      layout_basic, mainiacjoe_overflow_large_starburst, bh_walls_and_bars
D:4:      layout_cave_pools, serial_column_ruins, column_ruins_hut_pillars,
          column_ruins_open_tiny, column_ruins_columns_straight,
          column_ruins_open_tiny_water, column_ruins_columns_straight,
          column_ruins_columns_water, column_ruins_open_tiny,
          guppyfry_early_lair_pool
D:5:      layout_loops_corners, marbit_many_paths, minmay_temple_entry_fiery,
          uniq_crazy_yiuf_cottage, uniq_prince_ribbit1
Temple:   eino_temple_rhombus

Skill      XL: |  1  2  3  4  5  6  7  8 |
---------------+-------------------------+-----
Evocations     | 1 2 3 |  3.9
Translocations | 1 2 3 |  3.2
Spellcasting   | 1 2 3 |  3.5
Fighting       | 4 5 |  5.0
Armour         | 4 5 |  5.3
Shields        | 5 6 |  6.3
Axes           | 3 4 |  4.2

Action                     |  1- 3 |  4- 6 |  7- 9 || total
---------------------------+-------+-------+-------++-------
  Melee: War axe           |    70 |   146 |   153 ||   369
    Use: Potion            |       |       |     2 ||     2
   Stab: Invisible         |       |     2 |     7 ||     9
 Armour: Scale mail        |    25 |    57 |    22 ||   104
         Ring mail         |       |       |    41 ||    41
  Dodge: Dodged            |    23 |   101 |   131 ||   255
  Block: Buckler           |    12 |    46 |    41 ||    99
